 Dungeon Crawl Stone Soup version 0.23-a0-435-g79ed067 (webtiles) character file.

2 JeffiDaFish the Firebug (level 1, 0/10 HPs)
             Began as a Gargoyle Fire Elementalist on Nov 15, 2018.
             Slain by a leopard gecko (3 damage)
             ... on level 1 of the Dungeon on Nov 16, 2018.
             The game lasted 00:01:20 (201 turns).

JeffiDaFish the Firebug (Gargoyle Fire Elementalist) Turns: 201, Time: 00:01:21

Health: 0/10       AC:  4    Str: 11    XL:     1   Next: 30%
Magic:  3/3        EV: 17    Int: 15    God:
Gold:   30         SH:  0    Dex: 15    Spells: 3/4 levels left

rFire    . . .     SeeInvis .   (no weapon)
rCold    . . .     Gourm    .   (no shield)
rNeg     + . .     Faith    .   a - +0 robe
rPois    ∞         Spirit   .   (no helmet)
rElec    +         Reflect  .   (no cloak)
rCorr    .         Harm     .   (no gloves)
MR       .....                  (no boots)
Stlth    +++.......             (no amulet)
HPRegen  0.03/turn              (no ring)
MPRegen  0.08/turn              (no ring)

@: agile
A: negative energy resistance 1, electricity resistance, unbreathing,
petrification resistance, rot immunity, AC +2
a: no special abilities


You were on level 1 of the Dungeon.
You were not hungry.

You visited 1 branch of the dungeon, and saw 1 of its levels.

You collected 30 gold pieces.

Inventory:

Armour
 a - a +0 robe (worn)
Comestibles
 c - a ration


   Skills:
 + Level 1.7 Dodging
 + Level 2.1 Stealth
 + Level 2.0 Spellcasting
 + Level 1.1 Conjurations
 + Level 3.0 Fire Magic


You had 3 spell levels left.
You knew the following spells:

 Your Spells              Type           Power        Failure   Level  Hunger
a - Flame Tongue          Conj/Fire      #....        10%         1    #......

Your spell library contained the following spells:

 Spells                   Type           Power        Failure   Level  Hunger
 Throw Flame              Conj/Fire      #.....       14%         2    ###....
 Conjure Flame            Conj/Fire      #.......     28%         3    ###....
 Inner Flame              Hex/Fire       #.......     34%         3    ###....
 Sticky Flame             Conj/Fire      #.......     67%         4    #####..
 Fireball                 Conj/Fire      #.........   95%         5    ######.


Dungeon Overview and Level Annotations

Branches:
Dungeon (1/15)

Altars:


Innate Abilities, Weirdness & Mutations

You are resistant to torment.
Your stone body is resilient. (AC +2)
You are immune to poison.
You resist negative energy. (rN+)
You are resistant to electric shocks. (rElec)
You can survive without breathing.
You are immune to petrification.
You are immune to rotting.


Message History

The leopard gecko misses you.
The leopard gecko completely misses you.
The leopard gecko barely misses you. The leopard gecko barely misses you.
The leopard gecko barely misses you. The leopard gecko closely misses you.
The leopard gecko bites you but does no damage.
The leopard gecko misses you. The leopard gecko barely misses you.
The leopard gecko bites you but does no damage.
The leopard gecko bites you.
* * * LOW HITPOINT WARNING * * *
The leopard gecko closely misses you. The leopard gecko closely misses you.
The leopard gecko closely misses you. The leopard gecko closely misses you.
The leopard gecko barely misses you.
The leopard gecko completely misses you.
The leopard gecko closely misses you. The leopard gecko bites you.
You die...

## .# .# .##
..#
###..#####
#.@l......
#.#.......
#.#.......
####.##......
#............
#.##.....####
#.########
#.# #######.#
######### #


You could see a leopard gecko.

Vanquished Creatures
  A giant cockroach (D:1)
  A kobold (D:1)
2 creatures vanquished.

Notes
Turn   | Place    | Note
-------+----------+-------------------------------------------
     0 | D:1      | JeffiDaFish the Gargoyle Fire Elementalist began the quest
                  | for the Orb.
     0 | D:1      | Reached XP level 1. HP: 10/10 MP: 3/3
   201 | D:1      | Slain by a leopard gecko

Vault maps used:
D:1:      tarquinn_simple_flora_water_f

Action                   || total
-------------------------++-------
 Cast: Flame Tongue      ||     2
  Use: Potion            ||     2
Armor: Robe              ||     6
Dodge: Dodged            ||    27

Table legend:
 A = Non-vault XP
 B = Vault XP
 C = Vault XP percentage of total XP
 D = Non-vault monster count
 E = Vault monster count
 F = Vault count percentage of total count
                 A         B        C        D         E       F
            +---------+---------+-------+---------+---------+-------
      Total |       3 |       0 |   0.0 |       2 |       0 |   0.0
            +---------+---------+-------+---------+---------+-------
        D:1 |       3 |       0 |   0.0 |       2 |       0 |   0.0
            +---------+---------+-------+---------+---------+-------
